 Dungeon Crawl Stone Soup version 0.25-a0-785-gb22c70e859 (webtiles) character file.

Game seed: 273130891871493338, levelgen mode: deterministic

1857 Iflex the Spear-Bearer (level 9, -5/71 HPs)
             Began as a Merfolk Gladiator on Apr 17, 2020.
             Was a Believer of Qazlal.
             Slain by an orc warrior
             ... wielding a +0 great sword
              (20 damage)
             ... on level 6 of the Dungeon.
             The game lasted 00:18:15 (5076 turns).

Iflex the Spear-Bearer (Merfolk Gladiator)          Turns: 5076, Time: 00:18:16

Health: -5/71      AC:  9    Str: 17    XL:     9   Next: 13%
Magic:  13/13      EV: 14    Int:  8    God:    Qazlal [**....]
Gold:   26         SH:  2    Dex: 15    Spells: 11/13 levels left

rFire    . . .     SeeInvis .   a - +0 trident
rCold    . . .     Gourm    .   (no shield)
rNeg     . . .     Faith    .   b - +1 leather armour
rPois    .         Spirit   .   c - +0 helmet
rElec    .         Reflect  .   x - +2 cloak {MR+}
rCorr    .         Harm     .   g - +0 pair of gloves
MR       +....                  (no boots)
Stlth    +.........             v - amulet of regeneration
HPRegen  0.61/turn              h - ring of wizardry
MPRegen  0.13/turn              (no ring)

@: mighty
A: change form in water, swift swim, stealthy swim
a: Upheaval, Renounce Religion


You were on level 6 of the Dungeon.
You worshipped Qazlal.
Qazlal was pleased with you.
You were hungry.

You visited 1 branch of the dungeon, and saw 6 of its levels.

You collected 268 gold pieces.
You spent 242 gold pieces at shops.

Inventory:

Hand Weapons
 a - a +0 trident (weapon)
Missiles
 u - 5 boomerangs (quivered)
Armour
 b - a +1 leather armour (worn)
 c - a +0 helmet (worn)
 g - a +0 pair of gloves (worn)
 x - a +2 cloak of magic resistance (worn)
Jewellery
 h - a ring of wizardry (left hand)
 i - an uncursed amulet of guardian spirit
 v - an amulet of regeneration (around neck)
Wands
 d - a wand of flame (20)
Scrolls
 e - 2 scrolls of blinking {unknown}
 l - a scroll of remove curse
 q - a scroll of noise {unknown}
 s - a scroll of enchant weapon {unknown}
 t - a scroll of immolation {unknown}
 w - 3 scrolls of teleportation
 y - 2 scrolls of amnesia {unknown}
 A - a scroll of magic mapping {unknown}
 B - 2 scrolls of identify
 C - a scroll of brand weapon
 D - a scroll of fog {unknown}
Potions
 k - a potion of brilliance {unknown}
 m - a potion of flight {unknown}
 n - a potion of mutation {unknown}
 o - a potion of magic {unknown}
 p - 2 potions of stabbing
 r - a potion of heal wounds {unknown}
 z - 2 potions of might
Comestibles
 f - 15 rations


   Skills:
 + Level 6.6 Fighting
 + Level 12.6 Polearms
 + Level 3.0 Throwing
 * Level 1.2 Armour
 + Level 4.3 Dodging
 - Level 1.2 Stealth
 * Level 2.8 Spellcasting


You had 11 spell levels left.
You knew the following spells:

 Your Spells              Type           Power        Failure   Level  Hunger
a - Blink                 Tloc           N/A          24%         2    ###....

Your spell library contained the following spells:

 Spells                   Type           Power        Failure   Level  Hunger
 Corona                   Hex            #......      16%         1    ##.....
 Magic Dart               Conj           #...         16%         1    ##.....
 Call Imp                 Summ           #.......     24%         2    ###....
 Ensorcelled Hibernation  Hex/Ice        #.....       24%         2    ###....
 Slow                     Hex            #.......     24%         2    ###....
 Confusing Touch          Hex            #.......     41%         3    ####...
 Conjure Flame            Conj/Fire      #.......     41%         3    ####...
 Dazzling Flash           Conj/Hex       #.....       41%         3    ####...
 Mephitic Cloud           Conj/Pois/Air  #.......     41%         3    ####...
 Tukima's Dance           Hex            #.......     41%         3    ####...


Dungeon Overview and Level Annotations

Branches:
Dungeon (6/15)
 Temple: D:4-7

Altars:
Dithmenos
Qazlal
Sif Muna
Wu Jian
Yredelemnul

Shops:
D:6 ?

Annotations:
D:6 shop cool, Eustachio


Message History

The orc warrior is heavily wounded.
You barely miss the orc warrior.
The orc warrior is heavily wounded.
The orc warrior misses you.
You hit the orc warrior but do no damage.
The orc warrior is heavily wounded.
You barely miss the orc warrior.
The orc warrior is heavily wounded.
The orc warrior barely misses you.
You hit the orc warrior.
The orc warrior is severely wounded.
You closely miss the orc warrior.
The orc warrior is severely wounded.
The orc warrior hits you with a +0 great sword!!
* * * LOW HITPOINT WARNING * * *
You are too injured to fight recklessly!
There is a stone staircase leading down here.
You feel very mighty all of a sudden.
The orc warrior hits you with a +0 great sword!!
You die...

#.......###.#......#
#.......# #.#########
#####.......# #..br@.oo.#
#...........###########.#
#................# #.#
#................# ###.#
#................####...###
#..........o#....##...#...#
#.........☼@#....##.#...#o#
#############.......#.##..#
#....####$. .... #####..
..o..... .###...###. .#
##..#)#. .# ..###. .# ...
.#


You could see an orc warrior.

Vanquished Creatures
  Pikel (D:5)
  Grinder (D:5)
  Menkaure (D:5)
  2 ogres
  A bullfrog (D:6)
  2 scorpions (D:4)
  A crimson imp (D:6)
  A bullfrog zombie (D:5)
  A jelly (D:6)
  3 hounds
  An orc priest (D:2)
  Crazy Yiuf (D:4)
  3 orc wizards
  8 worker ants
  An iguana (D:6)
  A howler monkey skeleton (D:5)
  7 adders
  A shadow imp (D:5)
  An ooze (D:3)
  An adder skeleton (D:5)
  5 dart slugs
  3 leopard geckos
  19 orcs
  4 giant cockroaches
  5 goblins
  3 hobgoblins
  11 jackals
  7 kobolds
  3 quokkas
  A ball python skeleton (D:4)
  8 bats
  4 frilled lizards
  A jackal skeleton (D:6)
  2 quokka zombies
  10 rats
125 creatures vanquished.

Notes
Turn   | Place    | Note
-------+----------+-------------------------------------------
     0 | D:1      | Iflex the Merfolk Gladiator began the quest for the Orb.
     0 | D:1      | Reached XP level 1. HP: 16/16 MP: 1/1
    45 | D:1      | Reached skill level 5 in Polearms
    45 | D:1      | Reached XP level 2. HP: 19/22 MP: 2/2
   426 | D:1      | Reached XP level 3. HP: 28/28 MP: 3/3
   608 | D:2      | Reached skill level 6 in Polearms
   854 | D:2      | Reached XP level 4. HP: 12/34 MP: 2/4
  1111 | D:2      | Reached skill level 7 in Polearms
  1238 | D:2      | Found a stormy altar of Qazlal.
  1292 | D:2      | Became a worshipper of Qazlal Stormbringer
  1334 | D:2      | Found a shimmering blue altar of Sif Muna.
  1602 | D:3      | Noticed an ogre
  1611 | D:3      | Killed an ogre
  1611 | D:3      | Reached skill level 8 in Polearms
  1611 | D:3      | Reached XP level 5. HP: 41/41 MP: 5/5
  1970 | D:3      | Found a shadowy altar of Dithmenos.
  1973 | D:3      | Reached XP level 6. HP: 39/47 MP: 6/6
  2469 | D:5      | Entered Level 5 of the Dungeon
  2580 | D:5      | Reached skill level 9 in Polearms
  2580 | D:5      | Reached skill level 1 in Stealth
  2588 | D:5      | Reached * piety under Qazlal
  2786 | D:4      | Learned a level 2 spell: Blink
  2973 | D:4      | Found an ornate altar of the Wu Jian Council.
  3311 | D:4      | Found a runed translucent door.
  3312 | D:4      | Noticed Crazy Yiuf
  3385 | D:4      | Killed Crazy Yiuf
  3439 | D:4      | Reached XP level 7. HP: 50/55 MP: 7/7
  3595 | D:5      | Reached skill level 10 in Polearms
  3602 | D:5      | Found a shadowy altar of Dithmenos.
  3727 | D:5      | Noticed Pikel
  3790 | D:5      | Killed Pikel
  3790 | D:5      | Reached skill level 5 in Fighting
  3790 | D:5      | Reached skill level 11 in Polearms
  3790 | D:5      | Reached skill level 1 in Spellcasting
  3790 | D:5      | Reached XP level 8. HP: 30/64 MP: 7/10
  4129 | D:5      | Noticed Menkaure
  4143 | D:5      | Killed Menkaure
  4152 | D:5      | Reached skill level 12 in Polearms
  4186 | D:5      | Noticed Grinder
  4206 | D:5      | Killed Grinder
  4661 | D:6      | Reached ** piety under Qazlal
  4716 | D:6      | Found Miug's Magic Scroll Emporium.
  4724 | D:6      | Bought a scroll of identify for 22 gold pieces
  4724 | D:6      | Bought a scroll of brand weapon for 220 gold pieces
  4777 | D:6      | Reached skill level 1 in Armour
  4777 | D:6      | Reached XP level 9. HP: 69/71 MP: 12/12
  4783 | D:6      | Found a basalt altar of Yredelemnul.
  4929 | D:6      | Noticed Eustachio
  5076 | D:6      | Slain by an orc warrior

Levels and vault maps discovered:
D:1:      moated_graveyard_arrival, layout_basic, serial_corexii_hall,
          corexii_hall_statues_l, chequers_hall_statues_corner_a,
          minmay_misc_feat_five
D:2:      layout_basic, led_sif_pool, grunt_qazlal_sundering,
          minmay_pentomino_w2
D:3:      layout_loops_ring, old_standard_altar, minmay_cut_off
D:4:      layout_rooms, marbit_many_paths, first_ration, chequers_big_river,
          uniq_crazy_yiuf_cottage
D:5:      layout_basic, grunt_dithmenos_smoke, uniq_grinder, uniq_pikel,
          uniq_menkaure
D:6:      layout_basic, overflow_temple_1_default, yredelemnul_altar_generic,
          serial_shops, shop, sword_in_stone

Skill      XL: |  1  2  3  4  5  6  7  8  9 |
---------------+----------------------------+-----
Polearms       | 5 6 8 9 11 12 | 12.6
Fighting       | 3 4 5 6 |  6.6
Stealth        | 1 |  1.2
Spellcasting   | 1 2 |  2.8
Armour         | 1 |  1.2
Throwing       | 3 |  3.0
Dodging        | |  4.3

Action                   |  1- 3 |  4- 6 |  7- 9 || total
-------------------------+-------+-------+-------++-------
Melee: Trident           |   108 |   185 |   231 ||   524
       Tailslap          |       |     1 |       ||     1
Throw: Throwing net      |       |     1 |     3 ||     4
       Boomerang         |       |       |    30 ||    30
  Use: Scroll            |     1 |     3 |     5 ||     9
       Potion            |       |     1 |     3 ||     4
 Stab: Sleeping          |       |     2 |       ||     2
       Held in net/web   |       |     1 |     3 ||     4
  Eat: Chunk             |       |     7 |     6 ||    13
Armor: Leather armour    |    14 |    42 |    32 ||    88
       Skin              |       |     2 |     6 ||     8
Dodge: Dodged            |    67 |   117 |    70 ||   254
Block: Other             |       |       |     9 ||     9

Table legend:
 A = Non-vault XP
 B = Vault XP
 C = Vault XP percentage of total XP
 D = Non-vault monster count
 E = Vault monster count
 F = Vault count percentage of total count
                 A         B        C        D         E       F
            +---------+---------+-------+---------+---------+-------
      Total |    1503 |    1151 |  43.4 |     119 |       6 |   4.8
            +---------+---------+-------+---------+---------+-------
        D:1 |      40 |       0 |   0.0 |      22 |       0 |   0.0
        D:2 |     116 |       0 |   0.0 |      28 |       0 |   0.0
        D:3 |     167 |       4 |   2.3 |      14 |       2 |  12.5
        D:4 |     222 |      40 |  15.3 |       8 |       1 |  11.1
        D:5 |     421 |    1107 |  72.4 |      28 |       3 |   9.7
        D:6 |     537 |       0 |   0.0 |      19 |       0 |   0.0
            +---------+---------+-------+---------+---------+-------
